Map: Dusk Towers

Players

Pochi - Winner!

  • Race: Zerg Zerg
  • League: Diamond

LilDicky

  • Race: Terran Terran
  • League: Diamond

VOD

http://www.twitch.tv/tumescentpie

Description

Time

  • Played on: Dec. 20, 2015, 12:54 p.m.
  • Length: 14:01
Show
View Real Time Build Order
Export as new Build Order

Pochi Zerg - Winner!

Build Orders: Hatch First, Muta Ling Bane 

Get SALT Encoding   

  12  0:06  Drone  
  13  0:13  Overlord  
  13  0:18  Drone  
  14  0:31  Drone x2  
  16  0:40  Drone  
  17  0:45  Extractor  
  17  0:58  Drone  
  17  1:03  Hatchery  
  17  1:04  Extractor  
  16  1:13  Spawning Pool  
  15  1:21  Drone  
  15  1:22  Drone x2  
  18  1:34  Overlord  
  18  1:50  Drone  
  19  1:54  Drone  
  19  2:00  Queen  
  22  2:09  Zergling x2  
  22  2:15  Zergling x2  
  24  2:17  Zergling x2  
  24  2:19  Queen  
  24  2:22  Metabolic Boost  
  27  2:26  Drone  
  27  2:29  Drone  
  29  2:45  Queen  
  29  2:47  Overlord  
  29  2:48  Drone x2  
  29  2:49  Drone  
  34  3:02  Overlord  
  34  3:03  Drone  
  35  3:32  Drone  
  36  3:34  Drone x3  
  36  3:35  Drone x2  
  36  3:36  Drone x3  
  36  3:40  Hatchery  
  43  3:51  Drone  
  43  3:52  Lair  
  44  3:56  Extractor  
  44  3:57  Drone x3  
  46  4:04  Drone x2  
  48  4:10  Evolution Chamber x2  
  48  4:12  Baneling Nest, Extractor  
  48  4:13  Drone x4, Extractor  
  47  4:20  Burrow  
  47  4:37  Drone x3  
  47  4:38  Drone x2  
  52  4:39  Overlord  
  52  4:42  Zerg Ground Armor Level 1  
  51  4:57  Drone  
  51  4:59  Zerg Melee Weapons Level 1  
  52  5:00  Drone  
  52  5:01  Drone x4  
  52  5:04  Drone x7  
  64  5:19  Spire  
  63  5:24  Extractor  
  63  5:25  Drone x2  
  63  5:26  Overlord x3  
  63  5:27  Extractor  
  63  5:48  Drone  
  64  5:50  Drone x4  
  64  5:55  Drone x3, Overlord x2  
  64  5:56  Zergling x2  
  64  5:57  Zergling x4  
  74  6:11  Centrifical Hooks  
  74  6:13  Overlord x2  
  74  6:15  Drone  
  74  6:16  Drone x2  
  74  6:17  Overlord  
  78  6:18  Zergling x2  
  78  6:19  Zergling x12  
  78  6:20  Baneling  
  78  6:21  Baneling x6  
  78  6:22  Baneling x2  
  84  6:41  Zerg Flyer Weapons Level 1  
  84  6:49  Zerg Ground Armor Level 2  
  84  6:51  Mutalisk  
  84  6:52  Mutalisk x6  
  98  6:56  Mutalisk  
  98  7:00  Zergling x20  
  110  7:06  Baneling x3  
  97  7:23  Zergling x16  
  102  7:45  Hatchery  
  102  7:47  Baneling x3  
  102  7:48  Baneling x4  
  102  7:50  Mutalisk x6  
  113  7:59  Zergling x8  
  111  8:26  Mutalisk  
  105  8:27  Mutalisk x5  
  114  8:40  Zerg Flyer Weapons Level 2  
  114  8:42  Drone  
  114  8:43  Drone x7  
  114  8:44  Infestation Pit  
  121  8:49  Hatchery  
  120  8:58  Zergling x2  
  120  8:59  Zergling x20  
  120  9:00  Extractor  
  130  9:05  Baneling  
  130  9:06  Baneling x13  
  130  9:08  Zergling x2  
  130  9:09  Zergling x6  
  134  9:17  Zerg Melee Weapons Level 2  
  94  9:36  Mutalisk x4  
  100  9:44  Zergling x10  
  100  9:45  Zergling x14  
  110  10:01  Zergling x2  
  110  10:02  Zergling x20  
  114  10:08  Hive  
  114  10:12  Drone  
  114  10:13  Drone x6  
  118  10:15  Extractor  
  117  10:23  Mutalisk  
  117  10:24  Mutalisk x5  
  117  10:28  Zergling x14  
  133  10:30  Baneling x7  
  133  10:32  Baneling  
  133  10:33  Baneling  
  133  10:35  Baneling  
  134  10:36  Baneling  
  112  11:15  Drone x2  
  112  11:16  Drone x4  
  112  11:17  Overlord x3  
  112  11:18  Overlord, Drone x2  
  116  11:19  Adrenal Glands  
  116  11:21  Zerg Ground Armor Level 3  
  118  11:26  Ultralisk Cavern  
  118  11:29  Zergling x2  
  118  11:32  Zergling x2  
  117  11:33  Zergling x24  
  117  11:36  Spine Crawler  
  117  11:37  Spine Crawler, Baneling  
  117  11:38  Baneling x9  
  127  11:45  Zergling x24  
  134  12:04  Mutalisk  
  134  12:05  Mutalisk x7  
  123  12:18  Chitinous Plating  
  94  12:45  Spore Crawler  
  94  12:47  Spine Crawler  
  92  12:54  Ultralisk x2  
  92  12:55  Ultralisk x2  
  92  12:57  Zergling x14  
  92  12:58  Zergling x26  
  136  13:02  Hatchery  
  135  13:17  Overseer  
  135  13:19  Overseer  
  135  13:21  Overseer x3  
  135  13:27  Baneling  
  135  13:28  Overlord, Baneling x12  
  135  13:29  Overlord x2  
  135  13:30  Drone  
  135  13:31  Drone x6  
  135  13:32  Drone x5  
Show
View Real Time Build Order
Export as new Build Order

LilDicky Terran 

Build Orders: Command Center First (CC), MMM Bio 

Get SALT Encoding   

  12  0:01  SCV  
  13  0:13  SCV  
  14  0:17  Supply Depot  
  14  0:25  SCV  
  15  0:39  SCV  
  16  0:51  SCV  
  17  1:02  Command Center  
  17  1:06  SCV  
  18  1:16  Barracks  
  18  1:19  SCV  
  19  1:31  SCV  
  20  1:35  Refinery  
  20  1:43  SCV  
  22  2:03  Marine  
  22  2:07  Orbital Command  
  22  2:10  Supply Depot  
  22  2:14  Orbital Command  
  22  2:24  Refinery  
  22  2:26  Marine  
  23  2:38  Command Center  
  23  2:43  SCV x2  
  25  2:50  Barracks Tech Lab  
  25  2:55  SCV  
  26  3:04  Barracks x2  
  26  3:06  SCV  
  26  3:09  SCV  
  26  3:10  Marine  
  29  3:18  Stimpack  
  29  3:22  SCV  
  29  3:25  SCV  
  31  3:28  Marine  
  32  3:36  SCV  
  33  3:45  SCV  
  33  3:46  Marine  
  35  3:51  Orbital Command  
  35  3:54  Barracks Tech Lab x2  
  35  3:57  Refinery  
  35  3:59  SCV, Barracks  
  35  4:00  SCV  
  35  4:01  Barracks  
  37  4:04  Marine  
  37  4:08  Refinery  
  38  4:13  Factory  
  38  4:21  Combat Shields, Marine  
  39  4:25  Concussive Shells  
  39  4:26  Marine x2  
  41  4:39  Marine  
  41  4:43  Marine x2  
  44  4:50  Barracks Reactor  
  44  4:51  Barracks Reactor  
  44  4:54  SCV  
  44  4:55  Supply Depot  
  44  4:56  Supply Depot, Orbital Command  
  44  4:57  Marine  
  47  5:00  SCV  
  47  5:01  Marine x2  
  47  5:04  Barracks  
  47  5:05  Barracks  
  47  5:06  SCV  
  50  5:13  Factory Reactor  
  50  5:14  Starport  
  50  5:15  Marine  
  50  5:18  SCV x2  
  50  5:19  Marine  
  55  5:22  Supply Depot  
  55  5:26  Supply Depot, Marauder  
  56  5:31  Marine x2  
  56  5:32  Marine  
  56  5:33  Marauder  
  61  5:36  SCV  
  61  5:37  Marauder  
  61  5:41  SCV  
  61  5:42  SCV  
  66  5:47  Supply Depot, Marauder  
  68  5:51  Supply Depot, SCV  
  69  6:00  Marine x2  
  69  6:01  Marauder  
  73  6:08  Barracks Reactor  
  73  6:12  Factory Reactor  
  73  6:13  Medivac  
  73  6:15  Engineering Bay, Medivac  
  73  6:16  Barracks Reactor  
  77  6:20  SCV  
  77  6:21  SCV x2  
  80  6:26  Marine x3  
  83  6:37  Marine x2  
  83  6:38  Marine x2  
  87  6:43  Medivac  
  87  6:44  Marine x2  
  87  6:45  Medivac  
  87  6:46  Terran Infantry Weapons Level 1  
  93  6:52  Supply Depot  
  93  6:53  Supply Depot  
  93  6:54  Armory  
  93  6:55  SCV  
  93  6:58  Marine x2  
  95  7:19  Marine x2  
  95  7:20  Marine  
  71  7:23  Marine x3  
  71  7:24  Marine x4  
  71  7:28  Missile Turret  
  71  7:29  Marine  
  77  7:30  SCV x3, Missile Turret  
  77  7:35  Missile Turret  
  77  7:36  Missile Turret  
  80  7:37  Marine x2  
  80  7:42  SCV x2  
  75  7:45  Marine x2  
  75  7:46  Marine x4  
  75  7:50  Marine x2  
  79  8:00  Marine  
  79  8:01  Marine x2  
  79  8:02  Widow Mine x2  
  79  8:03  Marine  
  79  8:04  Medivac x2  
  87  8:17  Orbital Command  
  79  8:32  Engineering Bay  
  77  8:34  Marine  
  77  8:35  Marine x6  
  77  8:37  Orbital Command  
  77  8:40  Terran Infantry Armor Level 1  
  84  8:49  Marine x2  
  84  8:50  Marine x2  
  84  8:51  Supply Depot  
  84  8:52  Marine x2  
  84  8:54  Missile Turret  
  90  8:56  Supply Depot, Marine  
  91  9:04  Terran Infantry Weapons Level 2  
  91  9:07  SCV x3  
  91  9:08  Marauder  
  96  9:14  Marine  
  96  9:15  Marine  
  62  9:32  Marine x4  
  62  9:33  Marine x4  
  62  9:34  Marine x3  
  67  9:50  Marine x5  
  67  9:51  Marine x5  
  72  10:02  Marine  
  65  10:08  Marine  
  65  10:11  Marine  
  65  10:12  Marine x5  
  65  10:13  SCV  
  65  10:14  SCV x2  
  69  10:15  Marine x2  
  71  10:25  Widow Mine x2  
  71  10:26  SCV, Marine  
  71  10:27  Marine  
  79  10:29  Marine  
  79  10:32  Command Center, SCV  
  80  10:36  SCV  
  70  11:12  Orbital Command  
  70  11:19  Marine x2  
  70  11:20  Marine x9  
  70  11:23  SCV  
  78  11:37  Marine x2  
  78  11:38  Marine x3  
  54  12:08  Marine x2  
  54  12:09  Marine x3  
  54  12:10  Marine x5  
  54  12:14  SCV  
  64  12:20  Widow Mine x2  
  67  12:29  Medivac x2  
  71  12:30  SCV  
  72  12:38  Marine x4  
  72  12:39  Marine x2  
  72  12:43  Marine x2  
  56  12:47  Marine x2  
  56  12:48  Widow Mine, Marine  
  61  12:56  Marine x3  
  64  13:01  SCV  
  64  13:02  SCV x2  
  64  13:03  Marine  
  66  13:14  Marine x2  
  66  13:15  Marine x5  
  66  13:16  Marine x2  
  73  13:27  Marine x2  
  73  13:28  SCV  
  73  13:32  Marine  
  77  13:35  Missile Turret  
  77  13:38  SCV  
  77  13:39  Command Center  
Tags
 
Add a new tag
Caveats
  • Supply blocks, unpowered buildings, or Contaminate may cause inaccurate times.
  • Supply counts are checked every 10 seconds.